 Dungeon Crawl Stone Soup version 0.13-a0-2682-gb26bf1a (webtiles) character file.

223 M4edhros the Charlatan (level 4, -1/29 HPs)
             Began as an Octopode Artificer on Aug 14, 2013.
             Slain by an orc
             ... wielding a +0,+0 orcish short sword
              (4 damage)
             ... on Level 3 of the Dungeon.
             The game lasted 00:01:35 (1305 turns).

M4edhros the Charlatan (Octopode Artificer)         Turns: 1305, Time: 00:01:35

HP  -1/29        AC  1     Str 10      XL: 4   Next: 10%
MP   7/7         EV 12     Int 15      God:
Gold 160         SH  0     Dex 12      Spells:  0 memorised,  3 levels left

Res.Fire  : . . .   See Invis. : .   n - +0 elf spear
Res.Cold  : . . .   Warding    : .   (no shield)
Life Prot.: . . .   Conserve   : .   (helmet restricted)
Res.Poison: .       Res.Corr.  : .   (no amulet)
Res.Elec. : .       Clarity    : .   (no ring)
Sust.Abil.: . .     Spirit.Shd : .   (no ring)
Res.Mut.  : .       Stasis     : .   (no ring)
Res.Rott. : .       Flight     : .   (no ring)
Saprovore : . . .                    (no ring)
                                     (no ring)
                                     (no ring)
                                     (no ring)

@: slightly resistant to hostile enchantments, stealthy
A: almost no armour, amphibious, 8 rings, constrict 8, camouflage 1, AC +1
a: no special abilities


You were on level 3 of the Dungeon.
You were not hungry.

You visited 1 branch of the dungeon, and saw 3 of its levels.

You collected 140 gold pieces.

Inventory:

Hand weapons
 a - a +0,+0 short sword
 n - a +0,+0 elven spear (weapon)
Magical devices
 b - a wand of flame (12)
 c - a wand of enslavement (13)
 d - a wand of random effects (15)
Comestibles
 f - a bread ration
 p - a meat ration
Scrolls
 e - a scroll of fear
 h - a scroll of curse jewellery
 k - a scroll of enchant armour {unknown}
 m - 3 scrolls of identify
 o - a scroll of recharging
Jewellery
 i - an uncursed ring of fire
Potions
 g - 2 potions of heal wounds {unknown}
 j - 2 potions of cure mutation
 l - 7 potions of curing


   Skills:
 - Level 1.0 Fighting
 - Level 1.0 Short Blades
 - Level 2.0 Dodging
 - Level 1.3 Stealth
 + Level 5.6 Evocations


You had 3 spell levels left.
You didn't know any spells.

Dungeon Overview and Level Annotations

Branches:
Dungeon (3/27)

Altars:
Trog


Innate Abilities, Weirdness & Mutations

You cannot wear most types of armour.
You are amphibious.
You can wear up to eight rings at the same time.
You can use your tentacles to constrict many enemies at once.
Your skin changes colour to match your surroundings (Stlth).
Your rubbery body absorbs attacks (AC +1).


Message History

The orc wizard hits you with an orcish dagger.
Evoke which item? (* to show all) (? for menu, Esc to quit)
Zapping:
b - a wand of flame (13)
Press: ? - help, Shift-Dir - straight line, f/p - orc wizard
Aim: an orc wizard, wielding an orcish dagger and wearing an orcish robe (severely wounded)
The puff of flame hits the orc wizard.
The orc wizard is almost dead.
This wand has 12 charges left.
The orc misses you.
The orc wizard hits you with an orcish dagger.
You barely miss the orc wizard. You grab the orc wizard.
The orc wizard is almost dead.
You constrict the orc wizard.
The orc wizard hits you but does no damage.
The orc hits you with an orcish short sword!
* * * LOW HITPOINT WARNING * * *
You hit the orc wizard.
You kill the orc wizard!
You have reached level 4!
The orc hits you with an orcish short sword.
You die...

#..#.. .#. #..#..
..... ..... ...
#.... ... #... ...
#..# #.# #l.# #.#
#)o# #.# #@.# #)#
#..# ####.#####..#
#........#..# #
#........#.(#.# ..
#........#..#.##...
####.##............
#.##.....#...####
#.##.............


You could see an orc and a giant newt.

Vanquished Creatures
  An orc wizard (D:3)
  An adder (D:2)
  A worm (D:2)
  An orc (D:3)
  A giant cockroach (D:1)
  3 goblins
  5 hobgoblins
  2 kobolds (D:1)
  5 giant newts (D:2)
  4 rats
24 creatures vanquished.

Notes
Turn   | Place    | Note
--------------------------------------------------------------
     0 | D:1      | M4edhros, the Octopode Artificer, began the quest for the Orb.
     0 | D:1      | Reached XP level 1. HP: 14/14 MP: 1/1
   490 | D:1      | Reached skill level 4 in Evocations
   490 | D:1      | Reached XP level 2. HP: 16/19 MP: 3/3
   648 | D:2      | Noticed a moth of wrath
   649 | D:2      | Found a bloodstained altar of Trog.
   831 | D:2      | Reached XP level 3. HP: 16/24 MP: 5/5
  1078 | D:2      | Reached skill level 5 in Evocations
  1305 | D:3      | Reached XP level 4. HP: 3/29 MP: 7/7
  1305 | D:3      | Slain by an orc

Action                   |  1- 3 |  4- 6 || total
-------------------------+-------+-------++-------
Melee: Short sword       |     7 |       ||     7
       Spear             |    53 |       ||    53
Evoke: Wand              |     5 |       ||     5
  Use: Scroll            |     7 |       ||     7
 Stab: Sleeping          |     5 |       ||     5
